 Dungeon Crawl Stone Soup version 0.22.0-6-g71bd7aa (webtiles) character file.

4484 Azzok the Cleaver (level 10, -18/64 HPs)
             Began as a Gargoyle Fighter on Aug 15, 2018.
             Was an Elder of Okawaru.
             Demolished by a tentacled starspawn (28 damage)
             ... on level 1 of the Abyss.
             The game lasted 00:14:42 (7808 turns).

Azzok the Cleaver (Gargoyle Fighter)                Turns: 7808, Time: 00:14:43

Health: -18/64     AC: 20    Str: 24    XL:     10   Next: 38%
Magic:  6/6        EV:  3    Int:  8    God:    Okawaru [****..]
Gold:   423        SH:  5    Dex:  9    Spells: 9/9 levels left

rFire    . . .     SeeInvis .   z - +7 flail "Beetleslayer" {flame, *Slow rElec rC+++ MP-9}
rCold    + + +     Gourm    .   F - +0 buckler
rNeg     + . .     Faith    .   e - +0 plate armour
rPois    ∞         Spirit   .   v - +0 helmet
rElec    +         Reflect  .   (no cloak)
rCorr    .         Harm     .   g - +0 pair of gloves
MR       .....                  (no boots)
Stlth    ..........             r - amulet of regeneration (curse)
HPRegen  0.60/turn              (no ring)
MPRegen  0.10/turn              (no ring)

@: constricted
A: negative energy resistance 1, electricity resistance, unbreathing,
petrification resistance, rot immunity, AC +7
a: Heroism, Renounce Religion


You were on level 1 of the Abyss.
You worshipped Okawaru.
Okawaru was greatly pleased with you.
You were hungry.

You visited 1 branch of the dungeon, and saw 9 of its levels.
You visited the Abyss 1 time.

You collected 423 gold pieces.

Inventory:

Hand Weapons
 a - a +0 war axe
 z - the +7 flail "Beetleslayer" (weapon) {flame, *Slow rElec rC+++ MP-9}
   (You found it on level 8 of the Dungeon)

   It has been specially enchanted to burn those struck by it, causing extra
   injury to most foes and up to half again as much damage against particularly
   susceptible opponents.
   It renders you almost immune to cold.
   It insulates you from electricity.
   It affects your magic capacity (-9).
   It may slow you when you take damage.
Missiles
 A - 8 javelins (quivered)
Armour
 c - a +0 shield
 e - a +0 plate armour (worn)
 g - a +0 pair of gloves (worn)
 v - a +0 helmet (worn)
 F - a +0 buckler (worn)
Jewellery
 b - an uncursed ring of protection from magic {unknown}
 r - a cursed amulet of regeneration (around neck)
 K - a cursed -3 ring of strength {unknown}
Wands
 B - a wand of acid (11)
 D - a wand of polymorph (38)
Scrolls
 h - 3 scrolls of amnesia {unknown}
 j - 2 scrolls of remove curse {unknown}
 o - 6 scrolls of teleportation {unknown}
 t - a scroll of random uselessness {unknown}
 y - a scroll of noise {unknown}
 I - 2 scrolls of enchant weapon {unknown}
 J - a scroll of magic mapping {unknown}
Potions
 d - a potion of might
 i - a potion of magic
 k - 7 potions of lignification
 l - 3 potions of flight
 m - 2 potions of brilliance
 n - a potion of mutation {!q}
 p - 3 potions of heal wounds
 q - a potion of haste
 s - 7 potions of curing {unknown}
 u - a potion of degeneration {unknown}
 w - 3 potions of agility {unknown}
 x - a potion of ambrosia {unknown}
 C - 2 potions of resistance {unknown}
 E - a potion of invisibility {unknown}
 G - a potion of berserk rage {unknown}
Comestibles
 f - 17 rations
 H - 2 chunks of flesh


   Skills:
 + Level 7.9 Fighting
 + Level 9.9 Axes
 - Level 3.2 Armour
 - Level 6.0 Shields
 + Level 7.1 Invocations


You had 9 spell levels left.
You didn't know any spells.
Your spell library was empty.

Dungeon Overview and Level Annotations

Branches:
Dungeon (9/15)             Temple (0/1) D:5
   Lair: D:8-11         Orc: D:9-12

Altars:
Cheibriados
Dithmenos
Hepliaklqana
Makhleb
Okawaru
Ru
Yredelemnul
Zin
The Shining One

Annotations:
D:9 Psyche


Innate Abilities, Weirdness & Mutations

You are resistant to torment.
Your stone body is resilient. (AC +7)
You are immune to poison.
You resist negative energy. (rN+)
You are resistant to electric shocks. (rElec)
You can survive without breathing.
You are immune to petrification.
You are immune to rotting.


Message History

The tentacled starspawn bites you but does no damage.
The tentacled starspawn engulfs you!
* * * LOW HITPOINT WARNING * * *
You thump the tentacled starspawn! You burn the tentacled starspawn.
The starspawn tentacle loses its grip on you.
The tentacled starspawn is severely damaged.
The starspawn tentacle grabs you.
* * * LOW HITPOINT WARNING * * *
The starspawn tentacle constricts you.
The starspawn tentacle loses its grip on you.
The tentacle pulls you backwards!
A small abomination comes into view.
You hit the starspawn tentacle but do no damage.
The starspawn tentacle grabs you. The starspawn tentacle constricts you.
The tentacled starspawn barely misses you.
The tentacled starspawn engulfs you but does no damage.
You sock the starspawn tentacle! You burn the starspawn tentacle.
The starspawn tentacle is severely damaged.
The starspawn tentacle constricts you. The tentacled starspawn bites you!!
You die...

· ▒▒··· ·▒···· ·
x··▒·▒▒·▒· ▒
▒·▒···▒··· ▒▒▒▒
▒▒▒▒▒·▒····▒··
▒··▒▒▒▒·············
··· ···
···'·····w······· ··
····▒·▒
▒····@X··5····
·····∩· ·▒
▒·····w······· ··
···▒ ▒▒·······>······
·
······▒▒·▒·▒▒▒▒······
· ··· ·▒·▒▒····
······ ·▒▒·▒··▒ ▒
▒·▒··· ····· ▒··
·▒··▒ ·· ····· · ·▒▒·
··· ···· ▒ ▒ ·▒· ··
····


You could see a tentacled starspawn, a small abomination, 2 starspawn tentacles
and a quasit.

Vanquished Creatures
  A hippogriff (D:8)
  7 spriggans (D:8)
  Sigmund (D:2)
  A water moccasin (D:8)
  A hornet zombie (D:7)
  2 orc warriors
  A necrophage (D:5)
  2 ogres
  3 centaurs
  A big kobold (D:8)
  Blork the orc (D:5)
  3 bullfrogs
  4 scorpions
  A water moccasin skeleton (D:4)
  5 killer bees (D:7)
  3 howler monkeys
  A quasit (D:5)
  2 jellies
  A centaur zombie (D:6)
  2 orc priests
  A hound (D:5)
  A gnoll shaman (D:7)
  5 orc wizards
  2 centaur skeletons (D:7)
  4 iguanas
  2 bullfrog skeletons
  11 worker ants
  2 worker ant zombies
  Robin (D:3)
  9 gnolls
  A howler monkey skeleton (D:5)
  11 adders
  2 shadow imps
  2 oozes
  6 worms
  5 dart slugs
  3 leopard geckos
  23 orcs
  3 ball pythons
  11 bats
  A giant cockroach (D:7)
  16 goblins
  10 hobgoblins
  7 jackals
  7 quokkas
  7 frilled lizards
  A giant cockroach zombie (D:6)
  5 kobolds
  A quokka zombie (D:6)
  13 rats
216 creatures vanquished.

Notes
Turn   | Place    | Note
-------+----------+-------------------------------------------
     0 | D:1      | Azzok the Gargoyle Fighter began the quest for the Orb.
     0 | D:1      | Reached XP level 1. HP: 14/14 MP: 1/1
    14 | D:1      | Reached skill level 2 in Axes
   129 | D:1      | Reached XP level 2. HP: 19/19 MP: 2/2
   304 | D:1      | Reached skill level 3 in Axes
   380 | D:1      | Reached XP level 3. HP: 23/23 MP: 3/3
   966 | D:2      | Found an iron altar of Okawaru.
   972 | D:2      | Reached XP level 4. HP: 26/28 MP: 4/4
   982 | D:2      | Became a worshipper of Warmaster Okawaru
  1116 | D:2      | Found a burning altar of Makhleb.
  1129 | D:2      | Reached skill level 4 in Axes
  1348 | D:2      | Reached XP level 5. HP: 32/32 MP: 5/5
  1360 | D:2      | Noticed Sigmund
  1924 | D:3      | Reached skill level 5 in Axes
  2002 | D:3      | Reached XP level 6. HP: 37/37 MP: 6/6
  2146 | D:3      | Noticed Robin
  2156 | D:3      | Killed Robin
  2591 | D:2      | Killed Sigmund
  2591 | D:2      | Reached skill level 6 in Axes
  2591 | D:2      | Reached XP level 7. HP: 18/41 MP: 7/7
  3164 | D:4      | Reached * piety under Okawaru
  3164 | D:4      | Reached skill level 7 in Axes
  3571 | D:4      | Found a glowing silver altar of Zin.
  3571 | D:4      | Found a basalt altar of Yredelemnul.
  3651 | D:4      | Reached skill level 1 in Invocations
  4111 | D:5      | Entered Level 5 of the Dungeon
  4148 | D:5      | Noticed Blork the orc
  4159 | D:5      | Killed Blork the orc
  4159 | D:5      | Reached XP level 8. HP: 48/48 MP: 7/9
  4259 | D:5      | Found a staircase to the Ecumenical Temple.
  4335 | D:5      | Reached ** piety under Okawaru
  4335 | D:5      | Reached skill level 8 in Axes
  4385 | D:5      | Found a glowing golden altar of the Shining One.
  4650 | D:6      | Found a sacrificial altar of Ru.
  4893 | D:6      | Reached skill level 5 in Fighting
  5013 | D:6      | Reached *** piety under Okawaru
  5013 | D:6      | Reached XP level 9. HP: 26/54 MP: 10/12
  5585 | D:7      | Reached skill level 5 in Shields
  5721 | D:7      | Reached skill level 9 in Axes
  5910 | D:7      | Found a hazy altar of Hepliaklqana.
  5985 | D:7      | Reached skill level 5 in Invocations
  6125 | D:7      | Found a shadowy altar of Dithmenos.
  6739 | D:8      | Got a warped flail
  6740 | D:8      | Identified the +7 flail "Beetleslayer" {flame, *Slow rElec rC+++ MP-9} (You found it on level 8 of the Dungeon)
  6818 | D:8      | Reached **** piety under Okawaru
  6860 | D:8      | Reached XP level 10. HP: 54/63 MP: 5/14
  7513 | D:8      | Found a snail-covered altar of Cheibriados.
  7694 | D:9      | Noticed Psyche
  7707 | D:9      | Cast into level 1 of the Abyss (Psyche)
  7795 | Abyss:1  | Noticed a tentacled starspawn
  7808 | Abyss:1  | Demolished by a tentacled starspawn

Skill      XL: |  1  2  3  4  5  6  7  8  9 10 |
---------------+-------------------------------+-----
Axes           | 2 3 4 5 6 7 8 9 |  9.9
Invocations    | 1 4 6 7 |  7.1
Fighting       | 5 7 |  7.9
Shields        | 4 6 |  6.0
Armour         | |  3.2

Action                   |  1- 3 |  4- 6 |  7- 9 | 10-12 || total
-------------------------+-------+-------+-------+-------++-------
Melee: War axe           |   118 |   162 |   510 |       ||   790
       Punch             |       |       |     1 |       ||     1
       Flail             |       |       |    37 |    71 ||   108
Throw: Javelin           |       |       |     7 |     1 ||     8
Invok: Heroism           |       |       |     2 |     1 ||     3
  Use: Scroll            |       |       |     1 |     7 ||     8
  Eat: Chunk             |       |     6 |    14 |     3 ||    23
Armor: Scale mail        |    14 |       |       |       ||    14
       Plate armour      |   105 |   196 |   552 |    54 ||   907
Dodge: Dodged            |    65 |    69 |   218 |    18 ||   370
Block: Buckler           |       |       |     4 |    15 ||    19
